 Dungeon Crawl Stone Soup version 0.28.0-53-g5a82cb258f (webtiles) character file.

Game seed: 367562165599294759

2817 safid the Severer (level 9, -5/71 HPs)
             Began as a Hill Orc Fighter on July 6, 2022.
             Was a Follower of Beogh.
             Killed by vampiric draining
             ... invoked by a vampire
              (9 damage)
             ... on level 8 of the Dungeon.
             The game lasted 00:13:00 (8311 turns).

safid the Severer (Hill Orc Fighter)                Turns: 8311, Time: 00:13:01

Health: -5/71      AC:  9    Str: 23    XL:     9   Next: 72%
Magic:  9/9        EV: 10    Int:  8    God:    Beogh [*.....]
Gold:   312        SH:  4    Dex: 10    Spells: 8/8 levels left

rFire   . . .      SeeInvis .   a - +0 war axe
rCold   . . .      Faith    .   c - +0 buckler
rNeg    + . .      Spirit   .   t - +0 acid dragon scales
rPois   .          Reflect  .   B - +2 hat
rElec   .          Harm     .   (no cloak)
rCorr   +          Rampage  .   (no gloves)
Will    .....                   (no boots)
Stlth   +.........              (no amulet)
HPRegen 0.21/turn               r - ring of positive energy
MPRegen 0.11/turn               s - ring of flight

@: flying
A: no striking features
a: Renounce Religion


You were on level 8 of the Dungeon.
You worshipped Beogh.
Beogh was aware of your devotion.
You visited 1 branch of the dungeon, and saw 8 of its levels.

You collected 312 gold pieces.

Inventory:

Hand Weapons
 a - a +0 war axe (weapon)
 q - the +3 hand axe of the Past {antimagic, Int+3}
   (You found it on level 3 of the Dungeon)

   It reduces the magical energy of the wielder, and disrupts the spells and
   magical abilities of those it strikes.
   Natural abilities and divine invocations are not affected.
   Int:       It affects your intelligence (+3).
Missiles
 b - 5 poisoned darts (quivered)
Armour
 c - a +0 buckler (worn)
 t - +0 acid dragon scales (worn)
 B - a +2 hat (worn)
Jewellery
 r - a ring of positive energy (left hand)
 s - a ring of flight (right hand)
Wands
 f - a wand of polymorph (4)
 m - a wand of digging (4)
 C - a wand of flame (2)
Scrolls
 e - 3 scrolls of enchant armour
 g - 6 scrolls of teleportation
 i - 2 scrolls of fear
 j - a scroll of noise {unknown}
 k - 3 scrolls of immolation {unknown}
 o - a scroll of magic mapping {unknown}
 u - 2 scrolls of amnesia
 w - a scroll of holy word {unknown}
 y - 2 scrolls of identify
Potions
 d - a potion of might
 h - 2 potions of curing
 l - a potion of brilliance
 n - a potion of berserk rage {unknown}
 p - a potion of mutation {unknown}
 v - a potion of haste {unknown}
 x - a potion of ambrosia {unknown}
 z - a potion of lignification {unknown}
 A - a potion of magic {unknown}
 D - 2 potions of flight {unknown}
 E - 2 potions of resistance {unknown}


   Skills:
 - Level 4.0 Fighting
 + Level 15.9 Axes
 - Level 4.0 Armour
 + Level 2.0 Stealth
 - Level 4.0 Shields


You had 8 spell levels left.
You didn't know any spells.
Your spell library contained the following spells:

 Spells                   Type           Power      Damage    Failure   Level
 Foxfire                  Conj/Fire      0%         2x1d4     56%         1
 Conjure Flame            Conj/Fire      0%         6-21      91%         3
 Inner Flame              Hex/Fire       0%         N/A       91%         3
 Flame Wave               Conj/Fire      0%         2d4       100%        4


Dungeon Overview and Level Annotations

Branches:
Dungeon (8/15)             Temple (0/1) D:5
   Lair: D:8-11

Altars:
Elyvilon
Nemelex Xobeh
Yredelemnul

Annotations:
D:7 1 runed translucent door, Crazy Yiuf


Message History

The vampire draws strength from your injuries!
You see here a water moccasin corpse.
You hit the vampire.
The vampire is moderately damaged.
The vampire misses you. The vampire bites you!
The vampire draws strength from your injuries!
Unknown command.
You closely miss the vampire.
The vampire is moderately damaged.
The vampire barely misses you. The vampire closely misses you.
You slash the vampire!
The vampire is severely damaged.
The vampire hits you. The vampire bites you!
The vampire draws strength from your injuries!
You closely miss the vampire.
The vampire is heavily damaged.
You slash the vampire!
The vampire is almost destroyed.
The vampire draws life force from you!
* * * LOW HITPOINT WARNING * * *
The vampire is healed by the life force!
You barely miss the vampire.
The vampire is severely damaged.
The vampire draws life force from you.
* * * LOW HITPOINT WARNING * * *
The vampire is healed by the life force!
You hit the vampire but do no damage.
The vampire is severely damaged.
The vampire gestures wildly while chanting.
The vampire flickers and vanishes!
Deactivating autopickup; reactivate with Ctrl-A.
Unknown command.
You barely miss something. You slash something! Something hits you.
* * * LOW HITPOINT WARNING * * *
Something bites you!
* * * LOW HITPOINT WARNING * * *
Something draws strength from your injuries!
You closely miss something. Something draws life force from you!
You die...

#.#
###......#.........
..
##......##.##.....
##......###.# ###.#
##......##.#.# #
##......##..#.#
##......##..##.#
##......##....#..
##......##..##
##......##@{..# #.#
##......##..##...#.#
#......###...###.#.#
#+#......###...###.#
###......###...#.#
###......###.#.#
###......#'#.#
###......#.#
###......#


There were no monsters in sight!

Vanquished Creatures
  Joseph (D:7)
  Maggie (D:7)
  Prince Ribbit (D:7)
  A steam dragon (D:8)
  2 water moccasins (D:8)
  Duvessa (D:7)
  An ice beast (D:6)
  A sky beast (D:6)
  A black bear (D:5)
  2 ogres
  2 bullfrogs
  3 scorpions
  A water moccasin skeleton (D:4)
  Dowan (D:7)
  5 wights
  3 hounds
  A centaur skeleton (D:6)
  A gnoll shaman (D:5)
  2 orc priests
  Natasha (twice) (D:2)
  2 iguanas (D:5)
  An orc wizard (D:6)
  A scorpion zombie (D:5)
  A hound skeleton (D:5)
  An adder (D:4)
  5 gnolls
  2 shadow imps (D:6)
  2 ufetubi
  2 worms
  2 dart slugs
  15 orcs
  9 ball pythons
  4 bats
  3 endoplasms
  2 giant cockroaches
  3 goblins
  5 hobgoblins
  2 jackals (D:4)
  A quokka (D:2)
  A frilled lizard (D:1)
  6 kobolds
  3 rats
106 creatures vanquished.

Notes
Turn   | Place    | Note
-------+----------+-------------------------------------------
     0 | D:1      | safid the Hill Orc Fighter began the quest for the Orb.
     0 | D:1      | Reached XP level 1. HP: 19/19 MP: 1/1
   237 | D:1      | Reached XP level 2. HP: 27/27 MP: 2/2
   237 | D:1      | Found a faded altar of an unknown god.
   243 | D:1      | Reached skill level 3 in Axes
   747 | D:2      | Reached XP level 3. HP: 33/33 MP: 3/3
   921 | D:2      | Noticed Natasha
   927 | D:2      | Killed Natasha
   928 | D:2      | Reached XP level 4. HP: 31/40 MP: 4/4
  1168 | D:2      | Noticed Natasha
  1178 | D:2      | Killed Natasha
  1179 | D:2      | Reached skill level 4 in Axes
  1655 | D:3      | Reached skill level 5 in Axes
  1655 | D:3      | Reached XP level 5. HP: 30/46 MP: 5/5
  1936 | D:3      | Identified the +3 hand axe of the Past {antimagic, Int+3}
  2261 | D:4      | Noticed an orc warrior
  2266 | D:4      | Became a worshipper of Beogh the Brigand
  2410 | D:4      | Reached skill level 6 in Axes
  3035 | D:5      | Entered Level 5 of the Dungeon
  3043 | D:5      | Found a staircase to the Ecumenical Temple.
  3061 | D:5      | Reached XP level 6. HP: 43/52 MP: 6/6
  3442 | D:5      | Reached skill level 7 in Axes
  3579 | D:5      | Reached skill level 8 in Axes
  4136 | D:6      | Noticed an ice beast
  4150 | D:6      | Reached XP level 7. HP: 35/59 MP: 7/7
  4427 | D:6      | Reached skill level 9 in Axes
  4593 | D:6      | Reached skill level 10 in Axes
  4950 | D:5      | Reached * piety under Beogh
  5437 | D:6      | Reached XP level 8. HP: 52/66 MP: 8/8
  5441 | D:6      | Reached skill level 11 in Axes
  5881 | D:6      | Reached skill level 12 in Axes
  5893 | D:6      | Found a basalt altar of Yredelemnul.
  6180 | D:7      | Noticed Duvessa
  6180 | D:7      | Noticed Dowan
  6194 | D:7      | Killed Duvessa
  6199 | D:7      | Killed Dowan
  6316 | D:7      | Found a white marble altar of Elyvilon.
  6317 | D:7      | Noticed Maggie
  6341 | D:7      | Killed Maggie
  6342 | D:7      | Reached skill level 13 in Axes
  6627 | D:7      | Reached XP level 9. HP: 38/70 MP: 9/9
  6705 | D:6      | Reached skill level 14 in Axes
  7192 | D:7      | Noticed Prince Ribbit
  7218 | D:7      | Killed Prince Ribbit
  7451 | D:7      | Found a runed translucent door.
  7452 | D:7      | Noticed Crazy Yiuf
  7532 | D:7      | Noticed Joseph
  7555 | D:7      | Killed Joseph
  7556 | D:7      | Reached skill level 15 in Axes
  7931 | D:7      | Found a sparkling altar of Nemelex Xobeh.
  8221 | D:8      | Reached skill level 1 in Stealth
  8311 | D:8      | Killed from afar by a vampire

Illustrated notes

Levels and vault maps discovered:
D:1:      nicolae_arrival_washed_ashore, layout_rooms,
          ebering_ecumenical_altar_sacrificial
D:2:      layout_rooms, minivault_11, uniq_natasha
D:3:      layout_loops_ring
D:4:      layout_basic
D:5:      layout_basic, minmay_temple_entry_statues_pillars
D:6:      layout_cave_pods, mainiacjoe_overflow_alcove_4
D:7:      layout_loops_ring, elyvilon_altar_4, kennysheep_mini,
          minmay_misc_feat_pillars, hangedman_abyss_or_decor_lesser_grid,
          uniq_duvessa, uniq_crazy_yiuf_cottage, uniq_maggie, uniq_joseph,
          uniq_prince_ribbit1
D:8:      minmay_razor_zed, layout_basic, nicolae_overflow_hallway_of_the_gods,
          enter_bailey_7, minivault_21, minmay_misc_feat_hallway

Skill      XL: |  1  2  3  4  5  6  7  8  9 |
---------------+----------------------------+-----
Axes           | 3 5 6 8 10 13 15 | 15.9
Fighting       | 4 |  4.0
Shields        | 4 |  4.0
Armour         | 4 |  4.0
Stealth        | 2 |  2.0

Action                   |  1- 3 |  4- 6 |  7- 9 || total
-------------------------+-------+-------+-------++-------
Melee: War axe           |    56 |   141 |   194 ||   391
       Unarmed           |       |       |     5 ||     5
Throw: Dart              |       |       |    12 ||    12
       Throwing net      |       |       |     1 ||     1
Invok: Convert to Beogh  |       |     1 |       ||     1
  Use: Scroll            |       |       |     7 ||     7
       Potion            |       |       |     1 ||     1
 Stab: Held in net/web   |       |       |     1 ||     1
Armor: Scale mail        |    18 |    57 |    68 ||   143
       Acid dragon scale |       |       |    21 ||    21
       Skin              |       |       |     1 ||     1
Dodge: Dodged            |    20 |    65 |   125 ||   210
Block: Buckler           |    12 |    21 |    40 ||    73
